 Dungeon Crawl Stone Soup version 0.30-a0-377-g5cb311bc9f (webtiles) character file.

Game seed: 6257759091732223804

26 sleeves the Ruffian (level 2, -4/22 HPs)
             Began as a Demonspawn Reaver on Nov 28, 2022.
             Slain by an orc
             ... wielding a +0 hand axe
              (5 damage)
             ... on level 2 of the Dungeon.
             The game lasted 00:00:58 (1263 turns).

sleeves the Ruffian (Demonspawn Reaver)             Turns: 1263, Time: 00:00:58

Health: -4/22      AC:  3    Str: 12    XL:     2   Next: 89%
Magic:  5/5        EV: 12    Int: 14    God:
Gold:   142        SH:  0    Dex: 11    Spells: 4/5 levels left

rFire   . . .      SeeInvis .      - Unarmed
rCold   + . .      Faith    .    (no shield)
rNeg    . . .      Spirit   .    h - +1 robe {rC+}
rPois   .          Reflect  .    (no helmet)
rElec   .          Harm     .    (no cloak)
rCorr   +          Rampage  .    (no gloves)
Will    .....                    (no boots)
Stlth   +.........               (no amulet)
HPRegen 0.23/turn                e - ring of resist corrosion
MPRegen 0.09/turn                (no ring)

@: no status effects
A: demonic magic 1
a: no special abilities


You were on level 2 of the Dungeon.
You visited 1 branch of the dungeon, and saw 3 of its levels.

You collected 142 gold pieces.

Inventory:

Armour
 h - a +1 robe of cold resistance (worn)
   (You found it on level 1 of the Dungeon)
 i - a +1 helmet
   (You found it on level 2 of the Dungeon)
Jewellery
 e - a ring of resist corrosion (left hand)
   (You found it on level 1 of the Dungeon)
Scrolls
 b - 3 scrolls of teleportation {unknown}
 f - 2 scrolls of identify {unknown}
 k - a scroll of magic mapping {unknown}
Potions
 a - 3 potions of degeneration {unknown}
 c - a potion of haste {unknown}
 d - a potion of might {unknown}
 g - a potion of curing {unknown}
 j - a potion of brilliance {unknown}


   Skills:
 - Level 2.0 Fighting
 - Level 1.7 Dodging
 + Level 3.8 Unarmed Combat
 - Level 2.0 Spellcasting
 - Level 3.0 Conjurations


You had 4 spell levels left.
You knew the following spells:

 Your Spells              Type           Power      Damage    Failure   Level
a - Kiss of Death         Conj/Necr      20%        2d7       13%         1

Your spell library contained the following spells:

 Spells                   Type           Power      Damage    Failure   Level
 Momentum Strike          Conj/Tloc      10%        3d8       19%         2
 Hailstorm                Conj/Ice       5%         3d4       36%         3


Dungeon Overview and Level Annotations

Branches:
Dungeon (3/15)

Altars:

Annotations:
D:2 1 runed translucent door, Crazy Yiuf


Innate Abilities, Weirdness & Mutations

Spells you cast may paralyse adjacent enemies.


Message History

Welcome, sleeves the Demonspawn Reaver.
Are you destined to find the marvelous Orb of Zot, or to die trying?
Press ? for a list of commands and other information.
Found 3 stones.
Found a staircase leading out of the dungeon.
There is an empty arch of ancient stone here.
Found a leather armour.
Found an escape hatch in the floor.
You now have 7 gold pieces.
Found a dagger.
Found an escape hatch in the floor.
You now have 17 gold pieces (gained 10).
Found an escape hatch in the floor.
You now have 31 gold pieces (gained 14).
b - a scroll labelled SOUSKOWUAFRE You see here a +0 long sword.
c - an amethyst potion You now have 49 gold pieces (gained 18).
A goblin comes into view. It is wielding a +0 club.
A goblin is nearby!
A goblin is nearby!
Found a stone staircase leading down.
The goblin barely misses you.
You closely miss the goblin. You barely miss the goblin.
The goblin closely misses you.
You hit the goblin.
You kill the goblin!
No target in view!
No target in view!
No target in view!
No target in view!
No target in view!
No target in view!
There is a stone staircase leading down here.
You now have 59 gold pieces (gained 10).
You now have 69 gold pieces (gained 10).
Found a stone staircase leading down.
There is a stone staircase leading down here.
An endoplasm comes into view.
The endoplasm quivers.
An endoplasm is nearby!
A goblin comes into view. It is wielding a +0 dagger.
The goblin shouts!
The endoplasm hits you but does no damage.
You hit the endoplasm.
The endoplasm is almost dead.
The endoplasm closely misses you.
You barely miss the endoplasm.
The endoplasm is severely wounded.
The endoplasm closely misses you.
You hit the endoplasm.
You kill the endoplasm!
You hit the goblin.
The goblin is moderately wounded.
The goblin hits you but does no damage.
You hit the goblin.
You kill the goblin!
Your Unarmed Combat skill increases to level 3!
No target in view!
No target in view!
No target in view!
No target in view!
No target in view!
You see here a +0 dagger.
d - a yellow potion A ball python comes into view.
Found a short sword.
The ball python hisses angrily.
The ball python completely misses you. The ball python grabs you.
The ball python constricts you.
You barely miss the ball python. The ball python barely misses you.
The ball python constricts you.
You hit the ball python but do no damage.
The ball python bites you but does no damage.
The ball python constricts you. The ball python closely misses you.
The ball python constricts you.
You hit the ball python.
You kill the ball python!
You see here a ball python corpse.
A rat comes into view.
Found 4 stones.
You see here a +0 short sword.
A rat is nearby!
The rat bites you.
You barely miss the rat. The rat bites you but does no damage.
You barely miss the rat. The rat bites you.
You hit the rat.
The rat is moderately wounded.
You hit the rat.
You kill the rat!
No target in view!
No target in view!
No target in view!
No target in view!
HP restored.
You see here 4 stones.
You see here a ball python corpse.
You see here a +0 short sword.
e - a ring of resist corrosion You see here a staff of fire.
You now have 76 gold pieces (gained 7).
Found a leather armour.
No target in view!
No target in view!
You now have 84 gold pieces (gained 8).
f - a scroll labelled XINWOMEAKY
Found a spear.
Found a stone staircase leading down.
No target in view!
No target in view!
No target in view!
g - a coppery potion You see here a +1 robe of cold resistance.
h - a +1 robe of cold resistance You start removing your armour.
You continue taking off your +0 leather armour. x4
You finish taking off your +0 leather armour.
You start putting on your armour.
You continue putting on your +1 robe of cold resistance. x5
You finish putting on your +1 robe of cold resistance.
You feel resistant to cold.
You drop a +0 leather armour.
You see here a +0 spear.
You see here a +0 spear.
There is an empty arch of ancient stone here.
Done exploring.
Done exploring.
Done exploring.
No target in view!
No target in view!
e - a ring of resist corrosion (left hand) Done exploring.
Done exploring.
Done exploring.
(D) Dungeon
Where to? (? - help)
There is a stone staircase leading down here.
You climb downwards.
Found 9 gold pieces.
There is a stone staircase leading up here.
You now have 93 gold pieces (gained 9).
A hobgoblin comes into view.
A hobgoblin is nearby!
A hobgoblin and an adder come into view.
The hobgoblin shouts!
The adder hisses angrily.
The adder moves out of view.
The hobgoblin shouts!
The hobgoblin hits you.
You barely miss the hobgoblin. The hobgoblin attacks as you move away!
The hobgoblin hits you. The hobgoblin attacks as you move away!
The hobgoblin barely misses you. The hobgoblin attacks as you move away!
The hobgoblin barely misses you.
There is a stone staircase leading up here.
You hit the hobgoblin.
You kill the hobgoblin!
The adder bites you.
You hit the adder but do no damage. The adder bites you.
You barely miss the adder. The adder bites you but does no damage.
You hit the adder.
The adder is lightly wounded.
The adder bites you but does no damage.
You closely miss the adder.
The adder is lightly wounded.
The adder bites you but does no damage.
You hit the adder.
The adder is moderately wounded.
The adder barely misses you. The adder closely misses you.
You miss the adder.
The adder is moderately wounded.
The adder bites you but does no damage.
You hit the adder.
The adder is heavily wounded.
The adder bites you but does no damage.
You miss the adder.
The adder is heavily wounded.
The adder bites you.
You barely miss the adder.
The adder is heavily wounded.
The adder bites you but does no damage. x2
You hit the adder but do no damage.
The adder is heavily wounded.
The adder closely misses you.
You hit the adder.
The adder is almost dead.
The adder bites you.
You are poisoned.
The adder poisons you!
You miss the adder.
The adder is almost dead.
You feel sick. The adder barely misses you.
You hit the adder.
You kill the adder!
You feel sick.
You have reached level 2!
Your demonic ancestry asserts itself...
A menacing aura infuses your magic.
You swing at nothing.
You feel sick.
You hit the hobgoblin.
The hobgoblin is almost dead.
You feel sick. The hobgoblin misses you.
You hit the hobgoblin but do no damage.
The hobgoblin is almost dead.
You feel sick.
You are no longer poisoned.
The hobgoblin misses you.
You punch the hobgoblin!
You kill the hobgoblin!
You swing at nothing.
You swing at nothing.
HP restored.
Things that are here:
an adder corpse; a hobgoblin corpse
a - 3 silvery potions
f - 2 scrolls labelled XINWOMEAKY (gained 1)
i - a +1 helmet
Found a stone staircase leading down.
No target in view!
j - a murky brown potion
Found an escape hatch in the floor.
You now have 106 gold pieces (gained 13).
A kobold comes into view. It is wielding a +0 short sword.
The kobold shouts!
You hit the kobold.
The kobold is heavily wounded.
The kobold hits you with a +0 short sword.
You hit the kobold.
You kill the kobold!
No target in view!
No target in view!
No target in view!
No target in view!
No target in view!
No target in view!
Found an escape hatch in the ceiling.
b - 2 scrolls labelled SOUSKOWUAFRE (gained 1)
Found a stone staircase leading down.
A bat comes into view.
The bat misses you.
You hit the bat but do no damage. The bat hits you but does no damage.
The bat closely misses you.
You punch the bat!
You kill the bat!
No target in view!
No target in view!
No target in view!
No target in view!
No target in view!
Found a stone staircase leading up.
You now have 113 gold pieces (gained 7).
A frilled lizard comes into view.
The frilled lizard hisses angrily.
A frilled lizard is nearby!
You hit the frilled lizard.
You kill the frilled lizard!
No target in view!
No target in view!
No target in view!
No target in view!
No target in view!
No target in view!
No target in view!
No target in view!
No target in view!
There is a stone staircase leading up here.
b - 3 scrolls labelled SOUSKOWUAFRE (gained 1)
Found a stone staircase leading down.
A rat comes into view.
A rat is nearby!
Found a stone staircase leading up.
The rat bites you but does no damage.
You closely miss the rat. The rat bites you but does no damage.
You closely miss the rat.
The rat twitches its whiskers.
The rat barely misses you.
You hit the rat.
You kill the rat!
No target in view!
No target in view!
No target in view!
No target in view!
A ball python comes into view.
A ball python is nearby!
A ball python is nearby!
The ball python hisses angrily.
The ball python bites you. The ball python grabs you.
The ball python constricts you.
You barely miss the ball python. The ball python bites you.
The ball python constricts you.
You hit the ball python.
You kill the ball python!
No target in view!
No target in view!
No target in view!
No target in view!
No target in view!
No target in view!
No target in view!
No target in view!
You see here a ball python corpse.
You now have 122 gold pieces (gained 9).
A goblin comes into view. It is wielding a +0 club.
A goblin is nearby!
A goblin is nearby!
You hit the goblin but do no damage. The goblin hits you but does no damage.
You hit the goblin.
You kill the goblin!
No target in view!
No target in view!
No target in view!
No target in view!
No target in view!
No target in view!
No target in view!
k - a scroll labelled EGIOFR GIVU You now have 142 gold pieces (gained 20).
You see here a +0 club.
Found a scale mail.
You see here a +0 scale mail.
A giant cockroach comes into view.
A frilled lizard comes into view.
The frilled lizard hisses angrily.
You punch the frilled lizard!
You kill the frilled lizard!
The giant cockroach bites you.
You closely miss the giant cockroach.
The giant cockroach bites you but does no damage.
You completely miss the giant cockroach.
The giant cockroach barely misses you.
You barely miss the giant cockroach. The giant cockroach closely misses you.
The giant cockroach barely misses you.
You hit the giant cockroach but do no damage.
The giant cockroach bites you but does no damage.
You hit the giant cockroach.
You kill the giant cockroach!
You see here a giant cockroach corpse.
You see here a giant cockroach corpse.
There is an escape hatch in the ceiling here.
You see here a giant cockroach corpse.
You see here a ball python skeleton.
There is a stone staircase leading down here.
You see here a rat skeleton.
You see here a rat skeleton.
A bat comes into view.
A bat is nearby!
The bat misses you. The bat hits you but does no damage.
You barely miss the bat. The bat misses you. The bat barely misses you.
You closely miss the bat. The bat hits you but does no damage.
The bat closely misses you.
You barely miss the bat. The bat hits you. The bat hits you but does no damage.
You hit the bat.
You kill the bat!
No target in view!
No target in view!
Found a hammer.
Found three hammers.
Found a runed translucent door.
No target in view!
No target in view!
No target in view!
Found two hammers.
Could not explore, unopened runed door.
Could not explore, unopened runed door.
Could not explore, unopened runed door.
Press: ? - help, v - describe, . - travel
Here: Crazy Yiuf, wielding a +3 quarterstaff of chaos and wearing a +0 cloak (asleep, fire blocked by a runed translucent door)
The floor.
Unknown command.
(D) Dungeon
Where to? (Enter - D:2, ? - help) Crazy Yiuf shouts!
There is a stone staircase leading down here.
You climb downwards.
There is a stone staircase leading up here.
As you open the door, it creaks loudly!
You hear a shout!
Found a scroll labelled SOUSKOWUAFRE.
Found an escape hatch in the ceiling and an escape hatch in the floor.
There is an open door here.
An orc comes into view. It is wielding a +0 hand axe.
The orc shouts!
An orc priest comes into view. It is wielding a +0 flail.
There are monsters nearby!
There is an open door here.
There is a stone staircase leading up here.
An orc comes into view. It is wielding a +0 club.
The orc hits you with a +0 hand axe.
You climb upwards.
Level annotation: 1 runed translucent door, Crazy Yiuf
There is a stone staircase leading down here.
You hit the orc.
The orc is heavily wounded.
You hit the orc but do no damage.
The orc is heavily wounded.
The orc hits you with a +0 hand axe.
You closely miss the orc.
The orc is heavily wounded.
The orc closely misses you.
You barely miss the orc.
The orc is heavily wounded.
The orc misses you.
You barely miss the orc.
The orc is heavily wounded.
The orc hits you with a +0 hand axe.
You are too injured to fight recklessly!
You are too injured to fight recklessly!
You are too injured to fight recklessly!
You are too injured to fight recklessly!
You are too injured to fight recklessly!
You are too injured to fight recklessly!
You are too injured to fight recklessly!
You are too injured to fight recklessly!
You barely miss the orc.
The orc is heavily wounded.
The orc hits you with a +0 hand axe.
You hit the orc but do no damage.
The orc is heavily wounded.
The orc hits you with a +0 hand axe.
You barely miss the orc.
The orc is heavily wounded.
The orc hits you but does no damage.
You barely miss the orc.
The orc is heavily wounded.
The orc barely misses you.
You barely miss the orc.
The orc is heavily wounded.
The orc closely misses you.
You barely miss the orc.
The orc is heavily wounded.
The orc hits you with a +0 hand axe!
* * * LOW HITPOINT WARNING * * *
You hit the orc.
The orc is severely wounded.
You hit the orc but do no damage.
The orc is severely wounded.
The orc hits you with a +0 hand axe.
* * * LOW HITPOINT WARNING * * *
You hit the orc but do no damage.
The orc is severely wounded.
The orc hits you with a +0 hand axe.
You die...

#.# ######.##.#...##..#
#.# #.........##.###.##
#.# #.####.#####.# #.#
#.###.## #...^...# #.#
#.##.<.###..######
#.#######
#...........####
#.##.....
####...#.......#
#.##.#### ##.##....o..#
#.......# #.##...@...##
#.#####.# #.##........#
#.# #.# #.##........# #.#
#.# #.##........# #.# #.#
#.##........# #.#####..
#.#########.## #.......#
##.########...######.....
#.#.............# ###...
##.########...#.# #.#.


You could see an orc.

Vanquished Creatures
  An adder (D:2)
  2 bats (D:2)
  An endoplasm (D:1)
  A giant cockroach (D:2)
  3 goblins
  2 hobgoblins (D:2)
  A kobold (D:2)
  2 ball pythons
  2 frilled lizards (D:2)
  2 rats
17 creatures vanquished.

Notes
Turn   | Place    | Note
-------+----------+-------------------------------------------
     0 | D:1      | sleeves the Demonspawn Reaver began the quest for the Orb.
     0 | D:1      | Reached XP level 1. HP: 16/16 MP: 3/3
   200 | D:1      | Reached skill level 3 in Unarmed Combat
   582 | D:2      | Gained mutation: Spells you cast may paralyse adjacent
                  | enemies. [demonic ancestry]
   582 | D:2      | Reached XP level 2. HP: 14/22 MP: 5/5
   584 | D:2      | HP: 11/22 [poisoned by an adder]
  1185 | D:2      | Found a runed translucent door.
  1186 | D:2      | Noticed Crazy Yiuf
  1260 | D:2      | HP: 5/22 [orc/+0 hand axe (7)]
  1262 | D:2      | HP: 1/22 [orc/+0 hand axe (5)]
  1263 | D:2      | Slain by an orc

Illustrated notes

Levels and vault maps discovered:
D:1:      heliophobic_arrival_henge, layout_loops_ring
D:2:      layout_loops_ring, minivault_19, uniq_crazy_yiuf_cottage
D:3:      layout_basic, mainiacjoe_overflow_concentric_impassable

Skill      XL: |  1 |
---------------+----+-----
Unarmed Combat | 3 |  3.8
Fighting       | |  2.0
Dodging        | |  1.7
Spellcasting   | |  2.0
Conjurations   | |  3.0

Action                   || total
-------------------------++-------
Melee: Unarmed           ||    69
Armor: Robe              ||    17
       Leather armour    ||     4
Dodge: Dodged            ||    29

Table legend: (Time is in decaauts)
 A = Elapsed time spent in this place.
 B = Non-inter-level travel time spent in this place.
 C = Inter-level travel time spent in this place.
 D = Time resting spent in this place.
 E = Time spent auto-exploring this place.
 F = Levels seen in this place.
 G = Mean time per level.
                   A        B        C        D        E       F      G
               +--------+--------+--------+--------+--------+-----+--------+
         Total |   1257 |   1198 |     59 |      0 |   1028 |   3 |  419.0 |
       Dungeon |   1257 |   1198 |     59 |      0 |   1028 |   3 |  419.0 |
               +--------+--------+--------+--------+--------+-----+--------+

Top non-repeatable levels by time:
     D:2: 692 daAuts
     D:1: 547 daAuts
     D:3: 17 daAuts
